 Dungeon Crawl Stone Soup version 0.25.1-2-g60ff931df9 (webtiles) character file.

Game seed: 15502393828142404913

1122 Curus the Cleaver (level 8, -13/64 HPs)
             Began as a Minotaur Monk on Aug 28, 2020.
             Mangled by an orc warrior
             ... wielding a +0 trident
              (20 damage)
             ... on level 6 of the Dungeon.
             The game lasted 00:26:23 (4775 turns).

Curus the Cleaver (Minotaur Monk)                   Turns: 4775, Time: 00:26:24

Health: -13/64     AC: 11    Str: 12    XL:     8   Next: 12%
Magic:  0/7        EV: 11    Int:  8    God:
Gold:   384        SH:  0    Dex: 14    Spells: 7/7 levels left

rFire    . . .     SeeInvis +   a - +0 hand axe
rCold    . . .     Gourm    .   (no shield)
rNeg     . . .     Faith    .   p - +2 ring mail of Sif Muna {Regen+ rCorr Str-4 SInv}
rPois    +         Spirit   +   (helmet restricted)
rElec    .         Reflect  .   h - +0 cloak
rCorr    +         Harm     .   (no gloves)
MR       .....                  f - +2 pair of boots
Stlth    +.........             u - amulet of guardian spirit
HPRegen  0.60/turn              s - ring of poison resistance
MPRegen  0.10/turn              (no ring)

@: mighty
A: retaliatory headbutt, horns 2
a: no special abilities


You were on level 6 of the Dungeon.
You were not hungry.

You visited 1 branch of the dungeon, and saw 6 of its levels.

You collected 384 gold pieces.

Inventory:

Hand Weapons
 a - a +0 hand axe (weapon)
Armour
 b - a +0 robe
 d - a +0 leather armour
 e - a +0 ring mail
 f - a +2 pair of boots (worn)
 h - a +0 cloak (worn)
 p - the +2 ring mail of Sif Muna (worn) {Regen+ rCorr Str-4 SInv}
   (You found it on level 4 of the Dungeon)

   It affects your strength (-4).
   It lets you see invisible.
   It increases your rate of regeneration.
   It provides partial protection from all sources of acid and corrosion.
 r - a +0 leather armour of fire resistance
Jewellery
 q - an uncursed ring of teleportation
 s - a ring of poison resistance (left hand)
 u - an amulet of guardian spirit (around neck)
Wands
 l - a wand of clouds (2)
 x - a wand of flame (24)
Scrolls
 j - 2 scrolls of remove curse
 k - a scroll of teleportation
 n - a scroll of fog
 o - 3 scrolls of identify
 t - 2 scrolls of fear
Potions
 g - 4 potions of curing
 i - 5 potions of haste
 m - a potion of lignification
 v - a potion of magic
Comestibles
 c - 11 rations
 z - 6 chunks of flesh


   Skills:
 - Level 3.6 Fighting
 + Level 11.8 Axes
 - Level 3.2 Dodging
 - Level 1.5 Stealth


You had 7 spell levels left.
You didn't know any spells.
Your spell library was empty.

Dungeon Overview and Level Annotations

Branches:
Dungeon (6/15)
 Temple: D:4-7

Altars:
Ashenzari
Dithmenos
Nemelex Xobeh
Wu Jian

Annotations:
D:3 3 runed translucent doors, Elvor's ghost, amateur MiFi; Peloso's ghost, amateur MiFi; dengdeng's ghost, amateur MiBe; lasso's ghost, amateur FoVM
D:4 1 runed translucent door, Elvor's ghost, novice MiFi


Innate Abilities, Weirdness & Mutations

You reflexively headbutt those who attack you in melee.
You have a pair of horns on your head.


Message History

The iguana closely misses you. You furiously retaliate!
You headbutt the iguana.
You feel very mighty all of a sudden.
The orc warrior hits you with a +0 trident!
* * * LOW HITPOINT WARNING * * *
The gnoll hits you but does no damage. The adder misses you.
The iguana bites you.
* * * LOW HITPOINT WARNING * * *
Unknown command.
You closely miss the orc warrior. Your headbutt misses the orc warrior.
You hit the iguana but do no damage. You miss the adder. The adder bites you.
* * * LOW HITPOINT WARNING * * *
The orc warrior barely misses you. The gnoll barely misses you.
You hit the orc warrior but do no damage.
You hit the iguana. You barely miss the adder. The iguana bites you.
* * * LOW HITPOINT WARNING * * *
The adder misses you.
Unknown command.
The orc warrior hits you from afar with a +0 trident!!
You die...

#..##..## ....
#......%# #...#
#.......##..... ..
.............. ...
#............
.#!.###..........#
....#...†.lS......
........†@†o......
#.......##g.#....
#!......##..#...#
#................
.###................
...##...............
..................#
##.................
#..................


You could see an orc warrior, an iguana, a gnoll and an adder.

Vanquished Creatures
  A sky beast (D:5)
  2 ogres
  2 centaurs
  A scorpion (D:5)
  2 howler monkeys
  A crimson imp (D:5)
  2 hounds (D:5)
  An orc priest (D:6)
  3 orc wizards
  3 iguanas
  2 worker ants (D:4)
  A killer bee zombie (D:5)
  A howler monkey zombie (D:5)
  3 gnolls (D:3)
  A howler monkey skeleton (D:4)
  10 adders
  An ooze (D:1)
  2 adder skeletons (D:4)
  An adder zombie (D:5)
  A worm (D:6)
  A dart slug (D:1)
  3 leopard geckos
  10 orcs
  A ball python (D:6)
  3 bats (D:3)
  4 giant cockroaches
  6 goblins
  10 hobgoblins
  8 jackals
  5 kobolds
  3 quokkas
  4 frilled lizards
  A quokka zombie (D:5)
  7 rats
107 creatures vanquished.

Notes
Turn   | Place    | Note
-------+----------+-------------------------------------------
     0 | D:1      | Curus the Minotaur Monk began the quest for the Orb.
     0 | D:1      | Reached XP level 1. HP: 19/19 MP: 0/0
    34 | D:1      | Reached skill level 4 in Axes
   154 | D:1      | Reached XP level 2. HP: 26/26 MP: 1/1
   157 | D:1      | Found a sparkling altar of Nemelex Xobeh.
   292 | D:1      | Reached skill level 5 in Axes
   510 | D:2      | Reached XP level 3. HP: 21/31 MP: 2/2
  1027 | D:2      | Found a shattered altar of Ashenzari.
  1698 | D:3      | Noticed a centaur
  1706 | D:3      | Killed a centaur
  1706 | D:3      | Reached skill level 6 in Axes
  1706 | D:3      | Reached XP level 4. HP: 23/39 MP: 3/3
  1706 | D:3      | Reached XP level 5. HP: 27/45 MP: 4/4
  1707 | D:3      | Reached skill level 7 in Axes
  2631 | D:3      | Found a runed translucent gate.
  2631 | D:3      | Found a runed translucent gate.
  2633 | D:3      | Found a runed translucent gate.
  2633 | D:3      | Noticed Peloso's ghost (amateur MiFi)
  2634 | D:3      | Noticed lasso's ghost (amateur FoVM)
  2634 | D:3      | Noticed Elvor's ghost (amateur MiFi)
  2634 | D:3      | Noticed dengdeng's ghost (amateur MiBe)
  2739 | D:4      | Got a scorched ring mail
  2757 | D:4      | Identified the +2 ring mail of Sif Muna {Regen+ rCorr Str-4
                  | SInv} (You found it on level 4 of the Dungeon)
  2767 | D:4      | Noticed an ogre
  2778 | D:4      | Killed an ogre
  2778 | D:4      | Reached skill level 8 in Axes
  2778 | D:4      | Reached XP level 6. HP: 37/51 MP: 5/5
  2939 | D:4      | Reached skill level 9 in Axes
  2997 | D:4      | Found a runed translucent door.
  2998 | D:4      | Noticed Elvor's ghost (novice MiFi)
  3831 | D:5      | Entered Level 5 of the Dungeon
  3862 | D:5      | Found a shadowy altar of Dithmenos.
  3872 | D:5      | Reached XP level 7. HP: 40/57 MP: 6/6
  3967 | D:5      | Reached skill level 10 in Axes
  3992 | D:5      | Found an ornate altar of the Wu Jian Council.
  4598 | D:5      | Reached skill level 11 in Axes
  4717 | D:6      | Reached XP level 8. HP: 61/64 MP: 5/7
  4775 | D:6      | Mangled by an orc warrior

Illustrated notes

Levels and vault maps discovered:
D:1:      dpeg_arrival_castle, layout_basic, nemelex_xobeh_ov_fountains_minmay
D:2:      minmay_recursive_quarters, layout_loops_corners,
          lemuel_coloured_pillars_altar, serial_rivers,
          chequers_serial_rivers_micro_e, chequers_serial_rivers_room_a,
          chequers_serial_rivers_micro_d, chequers_serial_rivers_micro_c,
          kennysheep_path_1
D:3:      layout_basic, gammafunk_ghost_cemetery
D:4:      layout_basic, ebering_ghost_reflecting_pool, first_ration,
          st_stairs_10
D:5:      layout_loops_ring, lemuel_doored_altar, grunt_dithmenos_smoke
D:6:      cheibrodos_fzero, layout_cave_pools, gammafunk_temple_overflow_pools,
          minmay_a_box_with_orc_wizards_in_it, uniq_duvessa, uniq_prince_ribbit1

Skill      XL: |  1  2  3  4  5  6  7 |
---------------+----------------------+-----
Axes           | 4 5 6 8 9 11 | 11.8
Fighting       | |  3.6
Dodging        | |  3.2
Stealth        | |  1.5

Action                   |  1- 3 |  4- 6 |  7- 9 || total
-------------------------+-------+-------+-------++-------
Melee: Hand axe          |    57 |   169 |   145 ||   371
       Headbutt          |     9 |    21 |    27 ||    57
  Use: Potion            |     6 |     1 |     3 ||    10
       Scroll            |     5 |     4 |     1 ||    10
 Stab: Distracted        |       |     1 |       ||     1
  Eat: Chunk             |     2 |     7 |     3 ||    12
Armor: Robe              |     1 |       |       ||     1
       Ring mail         |    16 |    64 |    42 ||   122
Dodge: Dodged            |    27 |    77 |    58 ||   162
